AoeStats
← Isengard

Oasis

509029218Analyzed
4v4 RM · 7d ago on Sep 25, 2026· 25m 28s· 8 players
Game mode
Random Map
Map size
Large (8 player)
Population
200
Speed
Normal
Resources
Standard
Victory
Conquest
Starting age
Dark Age
Ending age
Imperial Age
RankedLock teamsTeams togetherTeam positionsShared explorationLock speedFull tech treeHidden civsTurbo modeCheats
Victory
Defeat
1627
+11
🇺🇸 Saxons · United States
1626
+11
🇺🇸 Danes · United States
1577
+12
🇨🇳 Danes · China
1563
+13
🇨🇳 Japanese · China
1658
-17
🇦🇺 Ethiopians · Australia
1472
-11
🇹🇷 Danes · Türkiye
1445
-10
🇺🇸 Maya · United States
1428
-9
DS_SayGG
11:07 Feudal Age
15:19 Castle Age
14:06 Double-Bit Axe
14:06 Horse Collar
15:33 Scale Mail Armor
16:24 Loom
17:09 Squires
24:56 Chain Mail Armor
CTM | black forest best map
6:49 Loom
10:12 Feudal Age
11:00 Double-Bit Axe
14:49 Town Watch
19:30 Castle Age
17:38 Horse Collar
21:19 Bow Saw
22:19 Padded Archer Armor
25:24 Gold Mining
张横
10:08 Feudal Age
13:52 Castle Age
12:33 Double-Bit Axe
14:43 Scale Barding Armor
16:39 Wheelbarrow
19:57 Gold Mining
20:21 Loom
23:48 Chain Barding Armor
23:53 Bloodlines
[C82]sasuke
6:29 Loom
8:47 Feudal Age
9:27 Double-Bit Axe
12:45 Fletching
22:17 Castle Age
20:46 Horse Collar
22:18 Crossbowman
23:00 Bodkin Arrow
24:55 Ballistics
Isengard
0:30 Loom
9:12 Feudal Age
12:56 Fletching
15:27 Padded Archer Armor
20:11 Double-Bit Axe
20:06 Horse Collar
22:04 Gold Mining
vectorJ
4:50 Loom
9:18 Feudal Age
10:56 Double-Bit Axe
22:24 Castle Age
20:48 Horse Collar
YYQ
4:13 Loom
9:22 Feudal Age
9:53 Double-Bit Axe
9:50 Horse Collar
15:08 Wheelbarrow
18:44 Castle Age
16:35 Gold Mining
17:13 Scale Barding Armor
18:08 Bloodlines
18:09 Forging
19:55 Bow Saw
20:12 Husbandry
MinorCloud9519
6:21 Loom
8:48 Feudal Age
9:51 Man-at-Arms
13:03 Horse Collar
13:08 Double-Bit Axe
19:11 Town Watch
21:37 Castle Age
20:08 Gold Mining
21:04 Scale Mail Armor
22:10 Gambesons
22:35 Squires
23:13 Heavy Plow
Connection lost

Rejoining the realm…

Still unreachable

The connection could not be restored.

Session expired

The server has moved on; the page needs a fresh start.